 Dungeon Crawl Stone Soup version 0.18.1-50-g88ac8fd (webtiles) character file.

231 Gargoyl the Distorting Demonspawn (level 5, 0/63 HPs)
             Began as a Demonspawn Abyssal Knight on Oct 9, 2016.
             Was a Believer of Lugonu.
             Slain by Edmund
             ... wielding a +0 dire flail
              (2 damage)
             ... on level 4 of the Dungeon.
             The game lasted 00:07:00 (3492 turns).

Gargoyl the Distorting Demonspawn (DsAK)            Turns: 3492, Time: 00:07:00

Health: 0/63       AC: 22    Str: 13    XL:     5   Next: 73%
Magic:  8/8        EV:  2    Int: 17    God:    Lugonu [**....]
Gold:   133        SH:  9    Dex: 17    Spells: 0 memorised, 4 levels left

rFire  + + .     SeeInvis .     g - -2 hand axe (curse)
rCold  + . .     Gourm    .     (armour currently unavailable)
rNeg   + + +     Faith    .     d - +1 shield {rF+}
rPois  +         Spirit   .     (helmet currently unavailable)
rElec  +         Dismiss  .     (cloak currently unavailable)
rCorr  +         Reflect  .     (gloves currently unavailable)
SustAt .         Harm     .     (boots currently unavailable)
MR     .....     NoTele   +     (no amulet)
Stlth  +++.......               (no ring)
                                (no ring)

@: brilliant, agile, tree-form (expiring), resistant, not resistant to hostile
enchantments, fairly stealthy
A: (antennae 0), (talons 0), dopey 1, evolution 1
a: Depart the Abyss, Bend Space, Renounce Religion


You were on level 4 of the Dungeon.
You worshipped Lugonu.
Lugonu was pleased with you.
You were hungry.
You were a tree.
You visited 1 branch of the dungeon, and saw 4 of its levels.
You visited the Abyss 1 time.

You collected 133 gold pieces.

Inventory:

Hand Weapons
 a - a +1 hand axe
 g - a cursed -2 hand axe (weapon)
Missiles
 b - 3 poisoned tomahawks (quivered)
Armour
 d - a +1 shield of fire resistance (worn)
 e - a +1 pair of gloves (melded)
 p - a +0 chain mail (melded)
Scrolls
 m - 3 scrolls of teleportation
Potions
 q - a potion of agility
Comestibles
 c - a bread ration
 k - 2 meat rations
 u - a slice of pizza


   Skills:
 + Level 3.7 Fighting
 + Level 2.3 Axes
 * Level 3.3 Armour
 + Level 1.9 Dodging
 + Level 1.0 Shields
 * Level 4.4 Invocations


You had 4 spell levels left.
You didn't know any spells.

Dungeon Overview and Level Annotations

Branches:
Dungeon (4/15)
 Temple: D:4-7

Altars:
Ashenzari
Cheibriados
Dithmenos
Elyvilon
Makhleb
Nemelex Xobeh
Okawaru
Pakellas

Annotations:
D:4 Edmund


Innate Abilities, Weirdness & Mutations

((You have razor-sharp toenails.))
((You have a pair of small antennae on your head.))
You are dopey. (Int -2)
You evolve.


Message History

The orc wizard hits you but does no damage.
You hit Edmund but do no damage.
Edmund is lightly wounded.
You hit the orc wizard but do no damage.
The orc wizard is heavily wounded.
You barely miss the orc.
The orc is severely wounded.
The orc wizard hits you but does no damage.
The orc hits you but does no damage. You block Edmund's attack.
You closely miss Edmund.
Edmund is lightly wounded.
You hit the orc but do no damage.
The orc is severely wounded.
You hit the orc wizard but do no damage.
The orc wizard is heavily wounded.
The orc wizard casts a spell at you.
Helpless, you fail to dodge the puff of flame.
You resist. The orc hits you but does no damage.
Edmund hits you with a dire flail.
You die...

.. #.### ....
#.#####.#
#.#.....###
#.#.).....#
#h#.♣o..# #
#.##@o..# .
#.####.##h##.#
#
.#.....)##(##.#
#..
.......o.(.##.#
#..
.############.#
#.# #.# #.#
#############
#.# #.#
#.......†...#
#.#


You could see Edmund, an orc wizard, an orc and a jackal.

Vanquished Creatures
  A centaur (D:4)
  A crimson imp (D:2)
  3 adders
  A worm (D:3)
  2 dart slugs
  7 giant geckos
  3 orcs
  4 giant cockroaches (D:2)
  15 hobgoblins
  5 jackals
  2 quokkas (D:3)
  A ball python (D:1)
  7 bats
  2 giant newts (D:2)
  6 goblins
  6 kobolds
  7 rats
73 creatures vanquished.

Notes
Turn   | Place    | Note
--------------------------------------------------------------
     0 | Abyss:1  | Gargoyl the Demonspawn Abyssal Knight began the quest for the Orb.
     0 | Abyss:1  | Reached XP level 1. HP: 18/18 MP: 2/2
    40 | Abyss:1  | Found a corrupted altar of Lugonu.
    84 | Abyss:2  | Noticed a starcursed mass
    96 | Abyss:2  | Noticed a starcursed mass
    98 | D:1      | Escaped the Abyss
   435 | D:1      | Reached * piety under Lugonu
   478 | D:1      | Gained mutation: You have sharp toenails. [demonic ancestry]
   478 | D:1      | Reached XP level 2. HP: 22/24 MP: 4/4
   921 | D:1      | Reached skill level 3 in Invocations
  1305 | D:1      | Reached skill level 1 in Dodging
  1346 | D:1      | Reached XP level 3. HP: 29/29 MP: 5/5
  1507 | D:2      | Gained mutation: You are dopey. (Int -2) [potion of mutation]
  1507 | D:2      | Gained mutation: Scrolls take you a little longer to read. [potion of mutation]
  1507 | D:2      | Lost mutation: Scrolls take you a little longer to read. [potion of mutation]
  1821 | D:2      | Found a burning altar of Makhleb.
  1839 | D:2      | Reached XP level 4. HP: 35/35 MP: 6/6
  2299 | D:2      | Reached ** piety under Lugonu
  2450 | D:3      | Reached skill level 4 in Invocations
  2702 | D:3      | Gained mutation: You have razor-sharp toenails. [demonic ancestry]
  2702 | D:3      | Reached XP level 5. HP: 27/41 MP: 8/8
  2984 | D:3      | Found a white marble altar of Elyvilon.
  3181 | D:3      | Found an oddly glowing altar of Pakellas.
  3309 | D:3      | Found a shadowy altar of Dithmenos.
  3309 | D:3      | Found a shattered altar of Ashenzari.
  3309 | D:3      | Found a sparkling altar of Nemelex Xobeh.
  3312 | D:3      | Found an iron altar of Okawaru.
  3314 | D:3      | Found a snail-covered altar of Cheibriados.
  3443 | D:4      | Noticed Edmund
  3449 | D:4      | Noticed a centaur
  3474 | D:4      | HP: 1/61 [centaur (5)]
  3480 | D:4      | Killed a centaur
  3480 | D:4      | Reached skill level 1 in Shields
  3488 | D:4      | Gained mutation: You evolve. [potion of mutation]
  3488 | D:4      | Gained mutation: You have a pair of small antennae on your head. [potion of mutation]
  3488 | D:4      | HP: 3/63 [orc wizard/dagger (1)]
  3492 | D:4      | Slain by Edmund

Skill      XL: |  1  2  3  4  5 |
---------------+----------------+-----
Armour         | 2 3 |  3.3
Invocations    | 3 4 |  4.4
Dodging        | 1 |  1.9
Axes           | 2 |  2.3
Shields        | 1 |  1.0
Fighting       | |  3.7

Action                   |  1- 3 |  4- 6 || total
-------------------------+-------+-------++-------
Melee: Hand axe          |   107 |   207 ||   314
       Kick              |    17 |    41 ||    58
Invok: Depart the Abyss  |     1 |       ||     1
  Use: Scroll            |     1 |     7 ||     8
       Potion            |     1 |    10 ||    11
  Eat: Bread ration      |     1 |       ||     1
       Chunk             |       |     4 ||     4
Armor: Leather armour    |    21 |       ||    21
       Chain mail        |    40 |   180 ||   220
       Skin              |       |    83 ||    83
Dodge: Dodged            |    28 |    47 ||    75
Block: Shield            |    55 |   139 ||   194
